 Dungeon Crawl Stone Soup version 0.24.0-37-gcf1ca852f1 (webtiles) character file.

Game seed: 16283906760315042053, levelgen mode: deterministic

89960 Gruesph the Warrior (level 15, -14/106 HPs)
             Began as a Gargoyle Earth Elementalist on Nov 28, 2019.
             Was a High Priest of Vehumet.
             Killed from afar by Azrael (35 damage)
             ... with damnation
             ... on level 15 of the Dungeon.
             The game lasted 02:30:22 (32599 turns).

Gruesph the Warrior (Gargoyle Earth Elementalist)  Turns: 32599, Time: 02:30:22

Health: -14/106    AC: 22    Str: 20    XL:     15   Next: 99%
Magic:  21/38      EV: 14    Int: 22    God:    Vehumet [*****.]
Gold:   866        SH: 18    Dex: 10    Spells: 11/34 levels left

rFire    + . .     SeeInvis .   a - +5 morningstar (protect)
rCold    . . .     Gourm    .   p - +4 shield "Vericw" {*Contam Str+4 Stlth+}
rNeg     + . .     Faith    .   B - +2 robe {MR+}
rPois    ∞         Spirit   .   v - +2 helmet of Baeda {MP+9 Stlth+}
rElec    +         Reflect  +   O - +1 cloak
rCorr    .         Harm     .   K - +0 pair of gloves of Moral Flaws {rPois Str+4 Stlth+}
MR       +++..                  H - +0 pair of boots
Stlth    +++++.....             F - +3 amulet of reflection
HPRegen  0.27/turn              q - ring of protection from fire
MPRegen  0.26/turn              A - ring of protection from magic

@: about to teleport
A: big wings, negative energy resistance 1, electricity resistance, unbreathing,
petrification resistance, rot immunity, AC +11
a: Fly, Renounce Religion


You were on level 15 of the Dungeon.
You worshipped Vehumet.
Vehumet was extremely pleased with you.
You were not hungry.

You visited 3 branches of the dungeon, and saw 22 of its levels.

You collected 1265 gold pieces.
You spent 399 gold pieces at shops.

Inventory:

Hand Weapons
 a - a +5 morningstar of protection (weapon)
 b - a +0 hunting sling
 o - a +2 whip of draining
Missiles
 g - 93 sling bullets
 Y - 78 stones (quivered)
Armour
 p - the +4 shield "Vericw" (worn) {*Contam Str+4 Stlth+}
   (You found it on level 2 of the Lair of Beasts)

   It affects your strength (+4).
   It causes magical contamination when unequipped.
   It makes you more stealthy.
 v - the +2 helmet of Baeda (worn) {MP+9 Stlth+}
   (You found it on level 6 of the Lair of Beasts)

   It affects your magic capacity (+9).
   It makes you more stealthy.
 B - a +2 robe of magic resistance (worn)
 H - a +0 pair of boots (worn)
 K - the +0 pair of gloves of Moral Flaws (worn) {rPois Str+4 Stlth+}
   (You found it on level 10 of the Dungeon)

   It affects your strength (+4).
   It protects you from poison.
   It makes you more stealthy.
 O - a +1 cloak (worn)
Jewellery
 q - a ring of protection from fire (left hand)
 A - a ring of protection from magic (right hand)
 F - a +3 amulet of reflection (around neck)
 Z - an uncursed ring of protection from cold
Wands
 m - a wand of clouds (4)
 t - a wand of digging (6)
 u - a wand of flame (25)
 x - a wand of scattershot (3)
 D - a wand of acid (10)
 Q - a wand of disintegration (27)
 R - a wand of polymorph (11)
Scrolls
 d - 7 scrolls of teleportation
 i - 8 scrolls of identify
 j - 5 scrolls of magic mapping
 k - 2 scrolls of fear
 r - 5 scrolls of remove curse
 w - 6 scrolls of enchant weapon
 y - 4 scrolls of enchant armour
 E - 2 scrolls of immolation
 M - 8 scrolls of fog
 N - 3 scrolls of vulnerability
 T - 3 scrolls of amnesia
 X - a scroll of silence
Potions
 c - 3 potions of curing
 e - 4 potions of brilliance
 h - a potion of heal wounds
 l - a potion of resistance
 n - 5 potions of haste
 s - 2 potions of agility
 C - a potion of cancellation
 I - 5 potions of might
 J - 2 potions of lignification
 L - 2 potions of magic
 U - a potion of ambrosia
Miscellaneous
 S - a lamp of fire (inert)
 V - a fan of gales
Comestibles
 f - 27 rations
 z - a chunk of flesh


   Skills:
 + Level 16.9 Fighting
 + Level 13.6 Maces & Flails
 - Level 7.4 Dodging
 - Level 2.1 Stealth
 + Level 8.8 Shields
 - Level 10.0 Spellcasting
 - Level 9.0 Conjurations
 - Level 0.7 Transmutations
 - Level 10.0 Earth Magic
 - Level 6.0 Evocations


You had 11 spell levels left.
You knew the following spells:

 Your Spells              Type           Power        Failure   Level  Hunger
a - Stone Arrow           Conj/Erth      ######       1%          3    None
b - Sandblast             Erth           ######       1%          1    None
c - Lee's Rapid Deconstr  Erth           ######....   1%          5    ####...
d - Irradiate             Conj/Tmut      ####......   13%         5    ####...
e - Petrify               Tmut/Erth      ####....     14%         4    ##.....
m - Mephitic Cloud        Conj/Pois/Air  ###.....     3%          3    None
p - Passwall              Tmut/Erth      ####....     2%          2    None

Your spell library contained the following spells:

 Spells                   Type           Power        Failure   Level  Hunger
 Orb of Destruction       Conj           ######....   54%         7    #######
 Static Discharge         Conj/Air       ####....     1%          3    None
 Animate Skeleton         Necr           N/A          13%         1    None
 Apportation              Tloc           ##....       13%         1    None
 Confusing Touch          Hex            ##....       13%         1    None
 Summon Small Mammal      Summ           ##..         13%         1    None
 Bolt of Draining         Conj/Necr      ####......   16%         5    ####...
 Lightning Bolt           Conj/Air       ####......   16%         5    ####...
 Call Imp                 Summ           ##......     21%         2    None
 Corpse Rot               Necr           N/A          21%         2    None
 Call Canine Familiar     Summ           ##......     36%         3    None
 Confuse                  Hex            ##......     36%         3    None
 Gell's Gravitas          Tloc           ##........   36%         3    None
 Summon Guardian Golem    Hex/Summ       ##......     36%         3    None
 Yara's Violent Unravell  Hex/Tmut       ##........   58%         5    ####...
 Bolt of Cold             Conj/Ice       ####......   58%         6    ######.
 Ice Form                 Ice/Tmut       ##......     75%         4    ##.....
 Summon Ice Beast         Ice/Summ       ##......     78%         4    ##.....
 Summon Lightning Spire   Summ/Air       ##......     78%         4    ##.....
 Freezing Cloud           Conj/Ice/Air   ###.......   78%         6    ######.
 Agony                    Necr           ##......     98%         5    ####...
 Dispel Undead            Necr           ##......     98%         5    ####...
 Excruciating Wounds      Chrm/Necr      ##........   98%         5    ####...
 Metabolic Englaciation   Hex/Ice        ##........   98%         5    ####...
 Ozocubu's Refrigeration  Ice            ##........   99%         6    ######.
 Simulacrum               Ice/Necr       ##........   100%        6    ######.
 Ignition                 Fire           ##........   100%        8    #######
 Shatter                  Erth           ######....   100%        9    #######
 Tornado                  Air            ##........   100%        9    #######
 Sublimation of Blood     Necr           Unusable     N/A         2    N/A

Dungeon Overview and Level Annotations

Branches:
Dungeon (15/15)            Temple (1/1) D:4            Lair (6/6) D:8
 Shoals (0/4) Lair:2        Snake (0/4) Lair:3        Slime (0/5) Lair:5
    Orc (0/2) D:11         Vaults (0/5) D:14         Depths (0/5) D:15

Altars:
Cheibriados
Dithmenos
Elyvilon
Fedhas
Gozag
Hepliaklqana
Kikubaaqudgha
Makhleb
Nemelex Xobeh
Okawaru
Qazlal
Ru
Sif Muna
Trog
Uskayaw
Vehumet
Wu Jian
Xom
Zin

Shops:
D:6 *   D:11 *!   D:12 }   D:13 *

Annotations:
D:4 2 transporters, Vikmgn's ghost, amateur MiFi
D:14 8 runed translucent doors, 2 transporters, Uummannaq's ghost, journeyman MiFi
D:15 Azrael
Lair:6 exclusion: 5 oklob plants


Innate Abilities, Weirdness & Mutations

You are resistant to torment.
Your stone body is resilient. (AC +11)
You are immune to poison.
Your large and strong wings let you fly indefinitely.
You resist negative energy. (rN+)
You are resistant to electric shocks. (rElec)
You can survive without breathing.
You are immune to petrification.
You are immune to rotting.


Message History

The stone arrow hits Azrael!
Azrael is moderately wounded.
Azrael gestures at you.
The sphere of damnation explodes!
The damnation engulfs you!!!
Ouch! That really hurt!
* * * LOW HITPOINT WARNING * * *
The damnation engulfs Azrael.
Azrael completely resists.
The damnation engulfs Azrael.
Azrael completely resists.
Press: ? - help, v - describe, . - travel
Here: Azrael, wielding a +1 scimitar of flaming (moderately wounded)
The floor.
Something hits Azrael!
As you read the scroll of teleportation, it crumbles to dust.
You feel strangely unstable.
You start resting.
The sphere of damnation explodes!
The damnation engulfs Azrael.
Azrael completely resists.
The damnation engulfs you!!
You die...

#......#.....# .
#......#.....#..
#............#...########
#................#.......
#............... #.......
####'###........ #.......
#......#.....#####)..##'#
#....[.#.....#.......#.).
#.....R#@....#.......#...
#......R.....'...)...#...
#.....○#.....#)..#...#...
#.....†#.....#...#...####
#.....○#######...#.....
#......# #...........
#....°.# #...#####...
#....(.+ #...# ####
#$.....# ##### #...


You could see the friendly Azrael.

Vanquished Creatures
  Rupert (Lair:5)
  Snorg (Lair:5)
  The ghost of Junaliek the Protected, a journeyman MiFi of Okawaru (Lair:2)
  A rakshasa (D:13)
  7 hydras
  The ghost of kalagan the Geomancer, a journeyman GrEE of Sif Muna (Lair:1)
  A catoblepas (D:14)
  8 centaur warriors
  Erica (D:8)
  7 two-headed ogres
  3 death yaks
  A shock serpent (shapeshifter) (D:15)
  Nergalle (Lair:4)
  17 slime creatures
  An unseen horror (D:14)
  A glowing orange brain (shapeshifter) (D:15)
  A glowing orange brain (D:15)
  2 orc knights (D:15)
  A wizard (D:14)
  Pikel (D:8)
  A mana viper (shapeshifter) (D:14)
  An oklob plant (Lair:4)
  13 ugly things
  2 orc sorcerers (D:15)
  5 deep elf magi
  A manticore (D:15)
  4 cyclopes
  9 elephants
  6 black mambas
  Joseph (D:10)
  21 spiny frogs
  2 rime drakes
  2 efreet (D:15)
  9 komodo dragons
  A komodo dragon (shapeshifter) (D:15)
  A queen bee (shapeshifter) (D:15)
  4 red devils (D:12)
  6 trolls
  A hornet (D:12)
  3 tyrant leeches
  22 blink frogs
  10 hippogriffs
  2 meliai zombies
  Grinder (D:4)
  7 dream sheep (Lair:4)
  A snapping turtle (Lair:2)
  A vampire (D:12)
  Sigmund (D:5)
  A shadow (D:14)
  4 wyverns
  A fire elemental (D:15)
  4 wraiths
  A human (D:11)
  A steam dragon (D:10)
  5 basilisks
  21 yaks
  A hungry ghost (D:11)
  Eustachio (D:5)
  11 vampire mosquitoes
  4 nagas (Lair:3)
  2 acid dragons
  A soldier ant (D:14)
  4 wargs
  2 hell hounds (D:15)
  6 porcupines
  13 water moccasins
  A floating eye (shapeshifter) (D:15)
  2 sky beasts
  2 phantoms (D:10)
  A hornet zombie (D:11)
  An eye of draining (D:13)
  6 ice beasts
  11 orc warriors
  2 black bears
  3 necrophages
  4 wolves (Lair:2)
  5 ogres
  14 centaurs
  10 crocodiles
  3 big kobolds
  A gnoll sergeant (D:7)
  Blork the orc (D:5)
  21 bullfrogs
  A wyvern zombie (D:14)
  12 killer bees
  2 scorpions (D:7)
  A water moccasin skeleton (D:7)
  5 wights (D:7)
  3 centaur zombies
  2 electric eels (Lair:6)
  3 howler monkeys
  6 crimson imps
  A quasit (D:8)
  4 centaur skeletons
  7 hounds
  4 jellies
  13 orc priests
  A bullfrog skeleton (D:6)
  19 orc wizards
  4 iguanas
  7 worker ants
  A hound skeleton (D:8)
  A howler monkey skeleton (D:7)
  A worker ant zombie (D:5)
  11 gnolls
  10 adders
  5 shadow imps
  2 oozes
  An adder skeleton (D:8)
  3 worms
  9 leopard geckos
  56 orcs
  A ball python (D:1)
  2 giant cockroaches
  A goblin (D:1)
  7 hobgoblins
  9 jackals
  2 quokkas
  8 bats
  5 frilled lizards
  20 kobolds
  A leopard gecko zombie (D:7)
  7 rats
  A fungus (Lair:4)
626 creatures vanquished.

Vanquished Creatures (collateral kills)
  3 fire elementals (D:15)
  A hell hound (D:15)
4 creatures vanquished.

Vanquished Creatures (others)
  2 cyclopes
  3 slaves (D:8)
  A centaur (D:14)
  2 bullfrogs
  A bullfrog zombie (D:8)
  A worker ant zombie (D:8)
  An orc (D:8)
  A quokka (D:8)
  14 fungi
  41 plants (Lair:6)
67 creatures vanquished.

Grand Total: 697 creatures vanquished

Notes
Turn   | Place    | Note
-------+----------+-------------------------------------------
     0 | D:1      | Gruesph the Gargoyle Earth Elementalist began the quest for
                  | the Orb.
     0 | D:1      | Reached XP level 1. HP: 10/10 MP: 3/3
   159 | D:1      | Reached skill level 1 in Fighting
   172 | D:1      | Reached XP level 2. HP: 16/16 MP: 5/5
   215 | D:1      | Learned a level 2 spell: Passwall
   722 | D:1      | Reached skill level 2 in Fighting
   722 | D:1      | Reached XP level 3. HP: 11/21 MP: 0/6
  1150 | D:1      | Learned a level 3 spell: Stone Arrow
  2239 | D:3      | Reached XP level 4. HP: 27/27 MP: 5/7
  2664 | D:3      | Reached skill level 5 in Earth Magic
  3012 | D:3      | Reached XP level 5. HP: 32/32 MP: 6/8
  3273 | D:4      | Reached skill level 3 in Fighting
  3572 | D:4      | Noticed Grinder
  3707 | D:4      | Found a transporter.
  3716 | D:4      | Noticed Vikmgn's ghost (amateur MiFi)
  3753 | D:4      | Noticed an ogre
  3757 | D:4      | Killed an ogre
  3809 | D:4      | Found a blossoming altar of Fedhas.
  3809 | D:4      | Found a transporter.
  3921 | D:4      | Reached XP level 6. HP: 34/37 MP: 7/10
  4076 | D:4      | Found a staircase to the Ecumenical Temple.
  4083 | Temple   | Entered the Ecumenical Temple
  4135 | Temple   | Became a worshipper of Vehumet
  4511 | D:4      | Killed Grinder
  4511 | D:4      | Reached skill level 4 in Fighting
  4511 | D:4      | Reached XP level 7. HP: 27/44 MP: 3/12
  4678 | D:5      | Entered Level 5 of the Dungeon
  4678 | D:5      | Found a snail-covered altar of Cheibriados.
  5016 | D:5      | Noticed Sigmund
  5020 | D:5      | Killed Sigmund
  5020 | D:5      | Reached skill level 5 in Fighting
  5149 | D:5      | HP: 2/44 [orc priest/divine providence (10)]
  5452 | D:5      | Reached XP level 8. HP: 50/50 MP: 8/15
  5459 | D:5      | Reached * piety under Vehumet
  5459 | D:5      | Offered knowledge of Flame Tongue by Vehumet.
  5695 | D:5      | Noticed Blork the orc
  5705 | D:5      | Killed Blork the orc
  5705 | D:5      | Reached skill level 5 in Spellcasting
  5723 | D:5      | Noticed Eustachio
  5735 | D:5      | Killed Eustachio
  5735 | D:5      | Reached skill level 6 in Fighting
  6134 | D:5      | Learned a level 5 spell: Lee's Rapid Deconstruction
  6160 | D:6      | Found Peneokov's General Store.
  6176 | D:6      | Bought a scroll of magic mapping for 38 gold pieces
  6176 | D:6      | Bought 14 stones for 15 gold pieces
  6176 | D:6      | Bought 26 stones for 28 gold pieces
  6254 | D:6      | Reached skill level 1 in Conjurations
  6884 | D:7      | Found a shadowy altar of Dithmenos.
  6936 | D:7      | Reached skill level 7 in Fighting
  7061 | D:7      | Reached XP level 9. HP: 57/57 MP: 13/16
  7284 | D:7      | Reached ** piety under Vehumet
  7284 | D:7      | Offered knowledge of Searing Ray by Vehumet.
  7797 | D:7      | Noticed a brown ugly thing
  8129 | D:7      | Killed a brown ugly thing
  8129 | D:7      | Reached skill level 8 in Fighting
  8129 | D:7      | Reached skill level 5 in Conjurations
  8442 | D:8      | Reached skill level 10 in Earth Magic
  8533 | D:8      | Noticed Pikel
  8538 | D:8      | Killed Pikel
  8538 | D:8      | Reached skill level 9 in Fighting
  8538 | D:8      | Reached XP level 10. HP: 66/66 MP: 5/18
  8688 | D:8      | Noticed Erica
  9022 | D:8      | Killed Erica
  9177 | D:8      | Reached skill level 10 in Fighting
  9233 | D:8      | Found a staircase to the Lair.
  9401 | D:8      | Offered knowledge of Mephitic Cloud by Vehumet.
  9406 | D:8      | Learned a level 3 spell: Mephitic Cloud
  9507 | D:8      | Found a sacrificial altar of Ru.
  9520 | D:8      | Found an ornate altar of the Wu Jian Council.
  9574 | D:8      | Found an iron altar of Okawaru.
  9631 | D:8      | Found a sparkling altar of Nemelex Xobeh.
  9825 | D:8      | Reached *** piety under Vehumet
 10141 | D:8      | Found a burning altar of Makhleb.
 10145 | D:8      | Found a shadowy altar of Dithmenos.
 10193 | D:9      | Found a hide-covered altar of Uskayaw.
 10890 | D:9      | Got a brightly glowing trident
 11460 | D:9      | Identified the +5 trident of Fear {pierce, rElec rC- rN+
                  | MR+} (You found it on level 9 of the Dungeon)
 11481 | D:10     | Entered Level 10 of the Dungeon
 11751 | D:10     | Reached skill level 1 in Evocations
 11751 | D:10     | Reached XP level 11. HP: 70/73 MP: 5/22
 12081 | D:10     | Offered knowledge of Ignite Poison by Vehumet.
 12086 | D:10     | Reached skill level 11 in Fighting
 12092 | D:10     | Learned a level 4 spell: Petrify
 12281 | D:10     | Noticed a two-headed ogre
 12505 | D:9      | Killed a two-headed ogre
 13204 | D:10     | Noticed a two-headed ogre
 13208 | D:10     | Killed a two-headed ogre
 13407 | D:10     | Noticed Joseph
 13416 | D:10     | Killed Joseph
 13571 | D:10     | Got a pair of steaming gloves
 13694 | D:10     | Reached **** piety under Vehumet
 13981 | D:10     | Identified the +0 pair of gloves of Moral Flaws {rPois
                  | Str+4 Stlth+} (You found it on level 10 of the Dungeon)
 14035 | D:11     | Noticed a two-headed ogre
 14038 | D:11     | Killed a two-headed ogre
 14138 | D:11     | Found a shadowy altar of Dithmenos.
 14142 | D:11     | Found Ditufuo's General Store.
 14151 | D:11     | Bought a scroll of magic mapping for 52 gold pieces
 14264 | D:11     | Offered knowledge of Force Lance by Vehumet.
 14467 | D:11     | Found Gyceo's Distillery.
 14475 | D:11     | Bought a potion of magic for 104 gold pieces
 14475 | D:11     | Bought a potion of curing for 39 gold pieces
 14475 | D:11     | Bought a potion of heal wounds for 65 gold pieces
 14874 | D:11     | Found a staircase to the Orcish Mines.
 14965 | D:11     | Bought 23 stones for 34 gold pieces
 14965 | D:11     | Bought 16 stones for 24 gold pieces
 15041 | D:12     | Noticed a green ugly thing
 15047 | D:12     | Killed a green ugly thing
 15153 | D:12     | Noticed an eight-headed hydra
 15158 | D:12     | Killed an eight-headed hydra
 15158 | D:12     | Reached XP level 12. HP: 81/81 MP: 20/25
 15310 | D:12     | Reached skill level 12 in Fighting
 15338 | D:12     | Found Otzump's Gadget Shoppe.
 15567 | D:12     | Reached skill level 5 in Evocations
 15653 | D:12     | Noticed a two-headed ogre
 15659 | D:12     | Killed a two-headed ogre
 16553 | Lair:1   | Entered Level 1 of the Lair of Beasts
 16561 | Lair:1   | Reached ***** piety under Vehumet
 16611 | Lair:1   | Reached skill level 1 in Shields
 16739 | Lair:1   | Offered knowledge of Iskenderun's Mystic Blast by Vehumet.
 17000 | Lair:1   | Found a runed translucent door.
 17002 | Lair:1   | Noticed kalagan's ghost (journeyman GrEE)
 17217 | Lair:1   | Killed kalagan's ghost
 17217 | Lair:1   | Reached skill level 10 in Spellcasting
 17540 | Lair:2   | Reached skill level 1 in Maces & Flails
 17610 | Lair:2   | Found a runed translucent door.
 17786 | Lair:2   | Got a fine shield
 17787 | Lair:2   | Identified the +4 shield "Vericw" {*Contam Str+4 Stlth+}
                  | (You found it on level 2 of the Lair of Beasts)
 18009 | Lair:2   | Noticed Junaliek's ghost (journeyman MiFi)
 18074 | Lair:2   | Reached skill level 13 in Fighting
 18119 | Lair:2   | Found a staircase to the Shoals.
 18337 | Lair:2   | Killed Junaliek's ghost
 18597 | Lair:3   | Noticed a seven-headed hydra
 18602 | Lair:3   | Killed a seven-headed hydra
 18602 | Lair:3   | Reached XP level 13. HP: 88/88 MP: 17/27
 18665 | Lair:2   | Reached skill level 5 in Maces & Flails
 19076 | Lair:3   | Found a staircase to the Snake Pit.
 20621 | Lair:4   | Noticed Nergalle
 20632 | Lair:4   | Killed Nergalle
 21354 | Lair:5   | Reached skill level 14 in Fighting
 21383 | Lair:5   | Noticed Rupert
 21393 | Lair:5   | Paralysed by Rupert for 3 turns
 21396 | Lair:5   | Killed Rupert
 21443 | Lair:5   | Reached skill level 5 in Dodging
 21571 | Lair:5   | Noticed Snorg
 21577 | Lair:5   | Killed Snorg
 21817 | Lair:5   | Offered knowledge of Bolt of Magma by Vehumet.
 21906 | Lair:5   | Found a staircase to the Slime Pits.
 22529 | Lair:6   | Entered Level 6 of the Lair of Beasts
 22549 | Lair:5   | Gained mutation: Your large and strong wings let you fly
                  | indefinitely. [Gargoyle growth]
 22549 | Lair:5   | Reached XP level 14. HP: 75/96 MP: 28/28
 22697 | Lair:5   | Reached skill level 10 in Maces & Flails
 23924 | Lair:6   | Reached skill level 15 in Fighting
 25320 | Lair:6   | Offered knowledge of Irradiate by Vehumet.
 25327 | Lair:6   | Learned a level 5 spell: Irradiate
 26179 | Lair:6   | Got a faintly glowing helmet
 26180 | Lair:6   | Identified the +2 helmet of Baeda {MP+9 Stlth+} (You found
                  | it on level 6 of the Lair of Beasts)
 27849 | D:13     | Found Neocix's Assorted Antiques.
 27855 | D:13     | Reached skill level 5 in Shields
 27858 | D:13     | Reached XP level 15. HP: 45/104 MP: 29/29
 28623 | D:14     | Reached skill level 16 in Fighting
 29427 | D:14     | Noticed a shadow dragon
 29482 | D:14     | Found a gate to the Vaults.
 29557 | D:14     | Found a large runed translucent door.
 29559 | D:14     | Found a large runed translucent door.
 29559 | D:14     | Noticed a sphinx
 29587 | D:14     | Found a large runed translucent door.
 29588 | D:14     | Found a large runed translucent door.
 29618 | D:14     | Found a transporter.
 29621 | D:14     | Noticed Uummannaq's ghost (journeyman MiFi)
 29633 | D:14     | You fall into a shaft and drop 1 floor!
 29633 | D:15     | Entered Level 15 of the Dungeon
 30096 | D:14     | Offered knowledge of Orb of Destruction by Vehumet.
 30216 | D:14     | Found a transporter.
 30307 | D:14     | Found a large runed translucent door.
 30308 | D:14     | Found a large runed translucent door.
 30689 | D:14     | Found a large runed translucent door.
 30722 | D:14     | Found a large runed translucent door.
 31770 | D:15     | Found a staircase to the Depths.
 32585 | D:15     | Noticed Azrael
 32599 | D:15     | Killed from afar by Azrael

Levels and vault maps discovered:
D:1:      dpeg_arrival_tiny_c, layout_basic
D:2:      layout_loops_ring, first_ration
D:3:      layout_rooms
D:4:      layout_loops_ring, temple_green, gammafunk_ghost_stat_death,
          fedhas_altar_1, uniq_grinder
D:5:      layout_loops_ring, cheibriados_altar_1, uniq_sigmund, uniq_eustachio,
          uniq_blork_the_orc
D:6:      minmay_flawed_box, layout_cave_pools, serial_shops, nicolae_shop_trees
D:7:      layout_loops_ring, nicolae_dithmenos_shadow_blocks
D:8:      layout_basic, nicolae_overflow_quartered_altars,
          nicolae_overflow_hidden_temple, erik_lair_orcish_takeover, uniq_pikel,
          uniq_erica
D:9:      layout_loops_corners, lemuel_crystal_altar
D:10:     layout_gridville, uniq_joseph
D:11:     layout_loops_ring, hiddenorc1_lemuel, basic_altar, serial_shops,
          nicolae_shop_behind_doors, shop, grunt_pizzeria, minmay_misc_feat_x
D:12:     layout_roguey, serial_shops, shop, einodemon_armed_red_devil_minivault
D:13:     layout_rooms, serial_shops, nicolae_shop_crystal, minmay_microvault
D:14:     minmay_five_octagons, layout_long_grid,
          gammafunk_ghost_berserking_beasts, minmay_misc_feat_more_columns
D:15:     gammafunk_enter_depths_forms, layout_grid_maze,
          lightli_fourway_metalbox, uniq_azrael
Temple:   nicolae_temple_x_marks_the_god
Lair:1:   layout_chaotic_city, ebering_ghost_inner_flame
Lair:2:   layout_hall_layers, minmay_shoals_entry_hut, gammafunk_ghost_grave
Lair:3:   layout_gridlike, minmay_snake_entry_guardpost_small,
          grunt_megastairs_5
Lair:4:   layout_gridlike, minmay_lair_oklob_items, st_stairs_3,
          grunt_megastairs_2, uniq_nergalle
Lair:5:   layout_regular_city, slime_dummy, serial_bayou_pond_a, uniq_snorg,
          uniq_rupert
Lair:6:   minmay_lair_end_frog_pond, layout_regular_city, st_stairs_5,
          minmay_lair_oklob_chamber, infiniplex_staircase_pool,
          lemuel_fruit_tree

Skill      XL: |  1  2  3  4  5  6  7  8  9 10 11 12 13 14 15 |
---------------+----------------------------------------------+-----
Fighting       | 1 2 3 4 5 7 9 10 11 13 14 15 16 | 16.9
Earth Magic    | 4 5 6 7 8 10 | 10.0
Spellcasting   | 3 4 5 7 9 10 | 10.0
Conjurations   | 2 5 6 8 9 |  9.0
Evocations     | 1 4 6 |  6.0
Shields        | 4 5 8 |  8.8
Maces & Flails | 4 9 12 13 | 13.6
Dodging        | 2 5 7 |  7.4
Stealth        | |  2.1
Transmutations | |  0.7

Action                   |  1- 3 |  4- 6 |  7- 9 | 10-12 | 13-15 || total
-------------------------+-------+-------+-------+-------+-------++-------
Melee: Club              |    36 |       |       |       |       ||    36
       Whip              |    40 |    22 |     6 |    31 |   110 ||   209
       Staff             |       |       |       |    17 |       ||    17
       Morningstar       |       |       |       |       |   305 ||   305
 Fire: Hunting sling     |       |       |    88 |   200 |   134 ||   422
Throw: Stone             |     2 |     1 |       |       |       ||     3
       Throwing net      |       |       |       |     1 |       ||     1
 Cast: Sandblast         |    48 |    63 |   134 |   200 |   231 ||   676
       Passwall          |       |       |     2 |       |       ||     2
       Stone Arrow       |       |       |     9 |   115 |   383 ||   507
       Lee's Rapid Decon |       |       |     4 |    41 |    42 ||    87
       Petrify           |       |       |       |     5 |     1 ||     6
       Mephitic Cloud    |       |       |       |     3 |     7 ||    10
Evoke: Wand              |       |       |     1 |     5 |    10 ||    16
       Lamp of fire      |       |       |       |       |     3 ||     3
       Phantom mirror    |       |       |       |       |     1 ||     1
  Use: Scroll            |       |     8 |     5 |    11 |    10 ||    34
       Potion            |       |       |       |       |     4 ||     4
 Stab: Sleeping          |     1 |       |       |       |     4 ||     5
       Petrified         |       |       |       |    12 |       ||    12
       Distracted        |       |       |       |       |     1 ||     1
       Confused          |       |       |       |       |     1 ||     1
  Eat: Chunk             |     5 |     4 |    11 |    19 |    38 ||    77
       Ration            |       |     1 |     1 |     6 |     6 ||    14
Armor: Robe              |    10 |       |     9 |    73 |   263 ||   355
       Leather armour    |    37 |    41 |    16 |       |       ||    94
Dodge: Dodged            |    84 |    34 |    32 |   148 |   329 ||   627
Block: Buckler           |       |       |       |     2 |    58 ||    60
       Shield            |       |       |       |       |   384 ||   384
       Reflection        |       |       |       |       |    40 ||    40
